Map: Золотые столпы РВ

Players

ИИ 1 (ученик)

  • Race: Zerg Zerg
  • Spawn Location: 7:00

Doll - Winner!

  • Race: Protoss Protoss
  • Spawn Location: 1:00

VOD

Have the link to the VOD?

Description

Time

  • Played on: Dec. 12, 2020, 7:43 a.m.
  • Length: 6:05
Show
View Real Time Build Order
Export as new Build Order

ИИ 1 (ученик) Zerg 

Build Orders: Pool Only 

Get SALT Encoding   

  12  0:01  Drone  
  13  0:12  Overlord  
  13  0:17  Drone  
  14  0:30  Drone  
  14  0:35  Drone  
  16  0:42  Spawning Pool  
  16  0:45  Drone  
  16  0:49  Extractor  
  15  0:51  Drone  
  16  0:59  Overlord  
  16  1:30  Zergling x2  
  16  1:32  Queen  
  19  1:34  Roach Warren  
  19  1:37  Drone  
  19  1:39  Extractor  
  18  1:43  Drone  
  19  1:54  Zergling x2  
  20  2:07  Overlord  
  20  2:19  Roach  
  22  2:36  Drone  
  23  2:41  Drone  
  23  2:43  Roach  
  26  2:52  Overlord  
  26  2:57  Drone  
  27  3:02  Drone  
  28  3:06  Drone  
  28  3:11  Roach, Drone  
  32  3:35  Roach  
  34  3:59  Roach  
  36  5:27  Zergling x2  
  25  5:41  Roach  
Show
View Real Time Build Order
Export as new Build Order

Doll Protoss - Winner!

Build Orders:  

Get SALT Encoding   

  12  0:00  Probe  
  13  0:12  Probe  
  14  0:20  Pylon  
  14  0:24  Probe  
  15  0:40  Probe (Chrono Boost)  
  15  0:41  Gateway  
  16  0:46  Assimilator  
  17  0:50  Probe (Chrono Boost)  
  17  0:55  Probe (Chrono Boost)  
  17  1:01  Pylon  
  18  1:08  Probe  
  19  1:16  Assimilator  
  19  1:20  Probe  
  20  1:27  Zealot  
  22  1:32  Probe  
  22  1:34  Cybernetics Core  
  23  1:45  Probe  
  24  1:53  Gateway  
  24  1:55  Zealot  
  24  1:58  Probe  
  27  2:09  Pylon  
  27  2:11  Probe  
  27  2:13  Warp Gate  
  28  2:29  Robotics Facility  
  28  2:31  Stalker  
  30  2:40  Adept  
  32  2:46  Pylon  
  32  2:49  Probe  
  33  3:02  Stalker  
  33  3:04  Probe  
  36  3:17  Immortal  
  40  3:21  Sentry  
  40  3:23  Probe  
  43  3:30  Pylon  
  43  3:35  Stalker  
  43  3:39  Probe  
  46  3:57  Immortal  
  46  4:02  Stalker  
  52  4:05  Probe  
  53  4:14  Sentry  
  55  4:18  Pylon  
  55  4:27  Forge  
  55  4:36  Probe  
  55  4:37  Observer  
Tags
 
Add a new tag
Caveats
  • Supply blocks, unpowered buildings, or Contaminate may cause inaccurate times.
  • Supply counts are checked every 10 seconds.